[Event "Titled Tuesday Blitz January 03 Late 2023"]
[White "Fernandez, Maria Florencia"]
[Black "Karttunen, Mika"]
[WhiteFideId "116459"]
[BlackFideId "502081"]
[WhiteElo "2129"]
[BlackElo "2490"]
[Result "1-0"]
[Round "10"]
[TimeControl "180+2"]
[Date "2023.01.03"]
[WhiteClock "0:00:02"]
[BlackClock "0:00:03"]

1. d4 Nf6 2. c4 g6 3. Nc3 d5 4. cxd5 Nxd5 5. e4 Nxc3 6. bxc3 c5 7. Bc4 Bg7 8. Ne2 O-O 9. Be3 Qc7 10. Rc1 b6 11. O-O Bb7 12. d5 Kh8 13. f4 e6 14. f5 gxf5 15. exf5 Be5 16. fxe6 Na6 17. Bh6 b5 18. Bxb5 Qd6 19. Bxf8 Rxf8 20. c4 fxe6 21. Rxf8+ Qxf8 22. dxe6 Nc7 23. Qd7 Qg8 24. Bc6 Bc8 25. Qf7 Bxe6 26. Qxg8+ Kxg8 27. Ng3 Bd4+ 28. Kh1 Kf7 29. Ne4 Ke7 30. Ng5 Bg8 31. Nf3 Bf6 32. Be4 a5 33. Bd3 a4 34. Re1+ Kd6 35. Nd2 Bd4 36. Ne4+ Kd7 37. Rf1 Ke7 38. Rf5 a3 39. Rg5 Kf8 40. Nxc5 Bf6 41. Rf5 Ke7 42. Ne4 Bb2 43. Rc5 Na6 44. Ra5 Nb4 45. Ra7+ Ke6 46. Bb1 Ke5 47. Ng5 Bxc4 48. Nf3+ Kf4 49. Ra4 Bc3 50. Bxh7 Bxa2 51. Rxa3 Bb2 52. Ra4 Bc3 53. Bg6 Bb3 54. Ra3 1-0


[Site "https://www.chess.com"]

[Event "Titled Tuesday Blitz January 03 Late 2023"]
[White "Kleiman, Jake"]
[Black "Sanchez, Robert"]
[WhiteFideId "2020041"]
[BlackFideId "2034360"]
[WhiteElo "2399"]
[BlackElo "1966"]
[Result "1-0"]
[Round "10"]
[TimeControl "180+2"]
[Date "2023.01.03"]
[WhiteClock "0:02:03"]
[BlackClock "0:01:48"]

1. e4 e6 2. d3 c5 3. Nf3 Nc6 4. g3 d6 5. Bg2 g6 6. O-O Bg7 7. c3 e5 8. a3 Nge7 9. b4 O-O 10. b5 Nb8 11. c4 h6 12. Nc3 f5 13. exf5 gxf5 14. Nh4 Nd7 15. Nd5 Nxd5 16. Bxd5+ Kh8 17. Ng6+ Kh7 18. Nxf8+ Nxf8 19. Qh5 Qf6 20. Ra2 Bd7 21. Re2 Be8 22. Qh3 Bg6 23. f4 Re8 24. Bb2 Nd7 25. Rfe1 Qf8 26. Bxb7 exf4 27. Rxe8 Bxe8 28. Bxg7 Kxg7 29. gxf4 Bg6 30. Qe3 1-0


[Site "https://www.chess.com"]

[Event "Titled Tuesday Blitz January 03 Late 2023"]
[White "Leenhouts, Koen"]
[Black "Gonzalez, Francisco Silva"]
[WhiteFideId "1008439"]
[BlackFideId "1512285"]
[WhiteElo "2447"]
[BlackElo "2021"]
[Result "1-0"]
[Round "10"]
[TimeControl "180+2"]
[Date "2023.01.03"]
[WhiteClock "0:00:47"]
[BlackClock "0:01:55"]

1. e4 e5 2. Nc3 Nf6 3. Bc4 Bc5 4. Nf3 Nc6 5. d3 d6 6. a3 a6 7. b4 Ba7 8. Be3 Bg4 9. h3 Bd4 10. Qd2 Bxf3 11. gxf3 b5 12. Bb3 a5 13. Rb1 axb4 14. axb4 Ra3 15. Nxb5 Rxb3 16. Rxb3 Bxe3 17. fxe3 Ne7 18. Ra3 c6 19. Ra8 cxb5 20. Rxd8+ Kxd8 21. Ke2 Nc6 22. Ra1 Kd7 23. d4 Rb8 24. d5 Ne7 25. Ra7+ Kd8 26. Qc3 Rc8 27. Qa3 Rxc2+ 28. Kd3 Rc4 29. Qa5+ Kc8 30. Rxe7 Nd7 31. Rxd7 Rc6 32. Qd8# 1-0


[Site "https://www.chess.com"]

[Event "Titled Tuesday Blitz January 03 Late 2023"]
[White "Gurevich, Dmitry"]
[Black "Paspuel, Trosky"]
[WhiteFideId "2000407"]
[BlackFideId "3602150"]
[WhiteElo "2393"]
[BlackElo "1721"]
[Result "1-0"]
[Round "10"]
[TimeControl "180+2"]
[Date "2023.01.03"]
[WhiteClock "0:01:44"]
[BlackClock "0:00:20"]

1. d4 Nf6 2. c4 e6 3. Nc3 Bb4 4. a3 Bxc3+ 5. bxc3 b6 6. e3 O-O 7. Bd3 Bb7 8. f3 d5 9. cxd5 exd5 10. Ne2 c5 11. O-O Re8 12. Ng3 Ba6 13. Ra2 Bxd3 14. Qxd3 Nc6 15. Rd2 Na5 16. e4 Nb3 17. Rdd1 Nxc1 18. Rxc1 dxe4 19. fxe4 cxd4 20. cxd4 Rc8 21. Rxc8 Qxc8 22. e5 Nd5 23. Nf5 Qe6 24. Qg3 Qg6 25. Qf3 Ne7 26. Nxe7+ 1-0


[Site "https://www.chess.com"]

[Event "Titled Tuesday Blitz January 03 Late 2023"]
[White "Gomes, Luiz Alexandre de Souza"]
[Black "reevecanada"]
[WhiteFideId "2102790"]
[WhiteElo "2254"]
[BlackElo "2486"]
[Result "1-0"]
[Round "10"]
[TimeControl "180+2"]
[Date "2023.01.03"]
[WhiteClock "0:01:25"]
[BlackClock "0:01:03"]

1. e4 c5 2. Nf3 d6 3. d4 cxd4 4. Nxd4 Nf6 5. Nc3 a6 6. Rg1 e5 7. Nb3 Be7 8. g4 Be6 9. g5 Nfd7 10. Be3 Nc6 11. Qd2 b5 12. O-O-O Nc5 13. Kb1 Qc7 14. f4 exf4 15. Bxf4 Ne5 16. Nd5 Qc6 17. Na5 Qc8 18. Nxe7 Nxe4 19. Nxc8 Nxd2+ 20. Rxd2 Nf3 21. Nxd6+ Ke7 22. Nc6+ Kf8 23. Rg3 Nxd2+ 24. Bxd2 Bd5 25. Nb4 Be6 26. Bd3 Kg8 27. Nf5 a5 28. Nc6 b4 29. Ncd4 Bd5 30. Ne7+ Kf8 31. Nxd5 Rd8 32. Bc4 g6 33. b3 Kg7 34. c3 Rhe8 35. cxb4 axb4 36. Bxb4 h6 37. h4 hxg5 38. hxg5 Rh8 39. Bc3 Rh1+ 40. Kb2 Rh2+ 41. Nc2+ Kg8 42. Rf3 Rf8 43. Nf6+ Kg7 44. Nd7+ Kg8 45. Nxf8 Kxf8 46. Rxf7+ Ke8 47. Rb7 Kf8 48. a4 Rxc2+ 49. Kxc2 Ke8 50. a5 Kd8 51. a6 Kc8 52. Be6+ Kd8 53. a7 Ke8 54. a8=Q# 1-0


[Site "https://www.chess.com"]

[Event "Titled Tuesday Blitz January 03 Late 2023"]
[White "Senthil, Maran K"]
[Black "Broca Jimenez, Fernando"]
[WhiteFideId "25035681"]
[BlackFideId "5104742"]
[WhiteElo "2209"]
[BlackElo "2075"]
[Result "1-0"]
[Round "10"]
[TimeControl "180+2"]
[Date "2023.01.03"]
[WhiteClock "0:00:47"]
[BlackClock "0:00:06"]

1. d4 Nf6 2. Nf3 d6 3. c4 g6 4. g3 Bg7 5. Bg2 O-O 6. O-O Nbd7 7. Qc2 e5 8. Rd1 c6 9. dxe5 dxe5 10. Nxe5 Qe7 11. Nxd7 Bxd7 12. Nc3 Bf5 13. e4 Be6 14. b3 Nd7 15. Bb2 Nc5 16. Re1 Rfd8 17. Rad1 Bg4 18. f3 Be6 19. Nd5 cxd5 20. exd5 Bf5 21. Qd2 Qd6 22. Bxg7 Kxg7 23. g4 Bd7 24. Qd4+ Kg8 25. Re3 Re8 26. Rde1 Rxe3 27. Rxe3 a5 28. h3 Re8 29. f4 b6 30. Re5 f6 31. Rxe8+ Bxe8 32. g5 fxg5 33. fxg5 Qe7 34. h4 Nd7 35. Kf2 Qe5 36. Qxe5 Nxe5 37. Bh3 Bd7 38. Bf1 Bf5 39. Ke3 Kf7 40. a3 Ke7 41. Be2 Kd6 42. b4 axb4 43. axb4 Bb1 44. Kd4 Nd7 45. Bg4 Ba2 46. Be6 Ke7 47. c5 bxc5+ 48. bxc5 Nf8 49. Bg8 Kd7 50. Ke5 Bc4 51. c6+ Kd8 52. c7+ Kxc7 53. d6+ Kc6 54. Bxc4 Nd7+ 55. Ke6 Nc5+ 56. Ke7 Nd7 57. Bb5+ Kxb5 58. Kxd7 Kc5 59. Ke7 Kd5 60. d7 Ke5 61. d8=Q Kf5 62. Kf7 Kg4 63. Kg7 1-0


[Site "https://www.chess.com"]

[Event "Titled Tuesday Blitz January 03 Late 2023"]
[White "Zampronha, Wladimir Camilo"]
[Black "Suvorov, Luca"]
[WhiteFideId "2103087"]
[BlackFideId "12977071"]
[WhiteElo "2176"]
[BlackElo "2310"]
[Result "0-1"]
[Round "10"]
[TimeControl "180+2"]
[Date "2023.01.03"]
[WhiteClock "0:00:17"]
[BlackClock "0:01:14"]

1. e4 d6 2. d4 Nd7 3. Nc3 Ngf6 4. Nf3 e5 5. g4 h6 6. Rg1 Be7 7. g5 hxg5 8. Bxg5 exd4 9. Qxd4 Nc5 10. O-O-O Ne6 11. Qd2 Nxg5 12. Rxg5 Bg4 13. Be2 Bxf3 14. Bxf3 Nh7 15. Rxg7 Bg5 16. Rxg5 Qxg5 17. Nd5 O-O-O 18. Qxg5 Nxg5 19. Bg4+ Kb8 20. Bf5 Rxh2 21. f4 Ne6 22. Rf1 Nd4 23. c3 Nxf5 0-1


[Site "https://www.chess.com"]

[Event "Titled Tuesday Blitz January 03 Late 2023"]
[White "Goroshkov, Maksym"]
[Black "Papayan, Oleg"]
[WhiteFideId "14142716"]
[BlackFideId "4193911"]
[WhiteElo "2287"]
[BlackElo "2253"]
[Result "0-1"]
[Round "10"]
[TimeControl "180+2"]
[Date "2023.01.03"]
[WhiteClock "0:01:33"]
[BlackClock "0:00:13"]

1. e4 e5 2. d4 exd4 3. c3 Qe7 4. cxd4 Qxe4+ 5. Be3 Nf6 6. Nc3 Bb4 7. Nf3 Nd5 8. Bd3 Nxe3 9. Bxe4 Nxd1 10. Kxd1 c6 11. Re1 O-O 12. d5 d6 13. Nd4 Bg4+ 14. f3 Bd7 15. Rc1 cxd5 16. Bxd5 Nc6 17. Ndb5 a6 18. a3 Bc5 19. b4 axb5 20. bxc5 dxc5 21. Nxb5 Ra5 22. Rxc5 Nd4 23. Nxd4 Rxc5 24. Be4 Bc6 25. Nxc6 bxc6 26. Kd2 Rd8+ 27. Ke3 Rc3+ 28. Kf4 Rxa3 29. Bxc6 Ra7 30. Kg3 g6 31. Bb5 Kg7 32. Bc4 Rc7 33. Bb3 Rcd7 34. Rc1 Re7 35. Rc6 Rdd7 36. Ra6 Rc7 37. Kh3 Ra7 38. Rc6 Rec7 39. Rd6 Rd7 40. Rc6 Rab7 41. Ba2 h5 42. Kg3 Rdc7 43. Rd6 Rb2 44. Bd5 Rcc2 45. Rd7 Rxg2+ 46. Kf4 Rb4+ 47. Ke3 Rxh2 48. Rxf7+ Kh6 49. f4 Rh3+ 50. Kd2 Rd4+ 51. Ke2 Rxd5 52. Rf8 Rf5 53. Rh8+ Kg7 54. Ra8 Rh4 55. Ra7+ Rf7 56. Ra8 Rhxf4 57. Ra5 R4f5 58. Ra4 g5 59. Ke3 h4 60. Ra1 h3 61. Rg1 Rf3+ 62. Ke4 Kg6 63. Ra1 R7f4+ 64. Ke5 h2 65. Ra6+ Rf6 66. Ra8 h1=Q 67. Rg8+ Kf7 68. Rg6 R3f5+ 69. Kd4 Qd5+ 70. Ke3 Rf3+ 71. Ke2 Qd3+ 72. Ke1 Rf1# 0-1


[Site "https://www.chess.com"]

[Event "Titled Tuesday Blitz January 03 Late 2023"]
[White "Golubev, Mikhail"]
[Black "Kuegel, Tobias"]
[WhiteFideId "14100983"]
[BlackFideId "4636295"]
[WhiteElo "2461"]
[BlackElo "2332"]
[Result "1/2-1/2"]
[Round "10"]
[TimeControl "180+2"]
[Date "2023.01.03"]
[WhiteClock "0:01:13"]
[BlackClock "0:00:47"]

1. e4 e5 2. Nf3 Nc6 3. Bc4 Bc5 4. c3 Nf6 5. d4 exd4 6. cxd4 Bb4+ 7. Nbd2 Nxe4 8. d5 Ne7 9. O-O Nxd2 10. Nxd2 Bxd2 11. Bxd2 O-O 12. d6 cxd6 13. Bb4 d5 14. Bxd5 d6 15. Bxd6 Nxd5 16. Qxd5 Be6 17. Qe5 Re8 18. Qg3 Qf6 19. Be5 Qg6 20. Qxg6 hxg6 21. a3 Rac8 22. Bc3 Red8 23. Rfe1 Rd5 24. h3 g5 25. f3 Rc6 26. Kh2 f6 27. Re2 Kf7 28. Rae1 Rd7 29. Kg3 Bc4 30. Re8 Re6 31. R1xe6 Bxe6 32. Ra8 a6 33. h4 gxh4+ 34. Kxh4 Bd5 35. Kg3 Bc6 36. Rh8 Rd1 37. Rh4 Rd5 38. Kf2 Rd7 39. Rh1 Rd5 40. Re1 Rd6 41. Re3 Bb5 42. Re4 Re6 43. Rxe6 Kxe6 44. Ke3 Bf1 45. g3 Bb5 46. g4 g5 47. f4 gxf4+ 48. Kxf4 Be2 49. Bd4 Bd1 50. Bc3 Bc2 51. Bd4 Bb1 52. Bc3 Ba2 53. Bd4 Bb3 54. Bc3 Ba4 55. Bd4 Bc6 56. Bc3 Bd5 57. Bd4 Bc6 58. Bc3 Bd5 59. Bd4 Bc6 1/2-1/2


[Site "https://www.chess.com"]

[Event "Titled Tuesday Blitz January 03 Late 2023"]
[White "Moreno Perez, Tobias Sebastian"]
[Black "Chor, Kevin"]
[WhiteFideId "186716"]
[BlackFideId "2090740"]
[WhiteElo "2256"]
[BlackElo "1944"]
[Result "1-0"]
[Round "10"]
[TimeControl "180+2"]
[Date "2023.01.03"]
[WhiteClock "0:00:12"]
[BlackClock "0:00:27"]

1. d4 Nf6 2. Bf4 g6 3. Nc3 d5 4. Nb5 Na6 5. e3 c6 6. Nc3 Nc7 7. Nf3 Bg7 8. h3 O-O 9. Be2 Bf5 10. O-O Ne4 11. Nxe4 Bxe4 12. Nd2 Bf5 13. c4 Qd7 14. Rc1 Rac8 15. cxd5 Nxd5 16. Bh2 Nb4 17. Qb3 a5 18. a3 Be6 19. Bc4 Nd5 20. Ne4 b5 21. Bxd5 Bxd5 22. Qc2 Bc4 23. Rfd1 a4 24. Nd2 Be6 25. Re1 Rfd8 26. Qc5 Bd5 27. Nb1 Bf8 28. Qc2 e6 29. Nc3 Bb3 30. Qe2 b4 31. Ne4 Kg7 32. Be5+ Kh6 33. Qg4 Be7 34. Qf4+ g5 35. Qxf7 Rg8 36. Nf6 1-0


[Site "https://www.chess.com"]

[Event "Titled Tuesday Blitz January 03 Late 2023"]
[White "Pinheiro, Iung Alicio de O."]
[Black "Gasparyan, David"]
[WhiteFideId "2104350"]
[BlackFideId "13311980"]
[WhiteElo "2306"]
[BlackElo "2142"]
[Result "1/2-1/2"]
[Round "10"]
[TimeControl "180+2"]
[Date "2023.01.03"]
[WhiteClock "0:00:13"]
[BlackClock "0:00:16"]

1. Nf3 Nf6 2. g3 d6 3. d4 Nbd7 4. Nc3 e5 5. e4 Be7 6. Bg2 c6 7. a4 O-O 8. O-O Qc7 9. h3 Rd8 10. Qe2 Nf8 11. Rd1 a5 12. Bg5 b6 13. Bxf6 Bxf6 14. d5 Ba6 15. Qe3 c5 16. Bf1 g6 17. Bxa6 Rxa6 18. Nb5 Qd7 19. Kg2 Bg7 20. Nd2 h6 21. Nc4 Qe7 22. h4 Nh7 23. Ra3 Nf6 24. Qe2 h5 25. f3 Raa8 26. Nxb6 Ra6 27. Nc4 Ne8 28. Rb3 f5 29. Nc3 Rda8 30. Rb5 f4 31. Rh1 fxg3 32. Qe1 Bh6 33. Ne2 Nc7 34. Rb7 R6a7 35. Rxa7 Rxa7 36. Qxg3 Kh7 37. Rg1 Ra8 38. Kh1 Rg8 39. Rg2 Ne8 40. Nxa5 Qa7 41. Nc6 Qf7 42. Nd8 Qf6 43. Ne6 Ng7 44. Ng5+ Kh8 45. a5 Ra8 46. Ne6 Nxe6 47. dxe6 Qxe6 48. Qxg6 Qxg6 49. Rxg6 Kh7 50. Rxd6 Rxa5 51. b3 Ra2 52. Nc3 Rxc2 53. Nd5 Rd2 54. Nf6+ Kg6 55. Rxd2 Bxd2 56. Nd7 Bc3 57. Nxc5 Bd4 58. Nd3 Kf6 59. Kg2 Ke6 60. Kh3 Be3 61. Nb4 Bd2 62. Nd5 Be1 63. b4 Kd6 64. b5 Kc5 65. b6 Kc6 66. Nf6 Kxb6 67. Nxh5 Kc6 68. Kg4 Kd6 69. Ng3 Bd2 70. Nf5+ Ke6 71. Kh5 Kf6 72. Kg4 Bf4 73. Nd6 Kg6 74. Nc4 Kf6 75. Nb6 Bd2 76. Nd5+ Ke6 77. h5 Bc1 78. Nc3 Bd2 79. Ne2 Be3 80. Ng3 Kf6 81. Nf5 Bg5 82. h6 Kg6 83. h7 Bf6 84. Nd6 Kxh7 85. Kf5 Bg7 86. Nc4 Kg8 87. Nxe5 Kf8 88. Ng6+ Kf7 89. f4 Bd4 90. e5 Bc3 91. Nh4 Be1 92. Nf3 Bc3 93. Ke4 Ke7 94. f5 Bb4 95. Kd5 Bc3 96. Ng5 Bd2 97. f6+ Ke8 98. Ne4 Bb4 99. e6 Kf8 100. Ke5 Ba3 101. Kd5 Bb4 102. Kc6 Ke8 103. Kd5 Kf8 1/2-1/2


[Site "https://www.chess.com"]

[Event "Titled Tuesday Blitz January 03 Late 2023"]
[White "Lorenzo De La Riva, Lazaro"]
[Black "Janaszak, Dawid"]
[WhiteFideId "2268809"]
[BlackFideId "1119206"]
[WhiteElo "2404"]
[BlackElo "2316"]
[Result "0-1"]
[Round "10"]
[TimeControl "180+2"]
[Date "2023.01.03"]
[WhiteClock "0:00:09"]
[BlackClock "0:00:42"]

1. d4 d5 2. b3 c5 3. e3 Nc6 4. Bb2 Nf6 5. Be2 cxd4 6. exd4 Bf5 7. Nf3 e6 8. O-O Bd6 9. c4 Ne4 10. Nbd2 Qf6 11. Re1 Qh6 12. Nf1 O-O-O 13. c5 Bc7 14. b4 g5 15. b5 g4 16. bxc6 gxf3 17. Bxf3 bxc6 18. Qa4 Kd7 19. Ng3 Rhg8 20. Bxe4 Bxe4 21. Re3 Rb8 22. Bc1 Qf6 23. Nxe4 dxe4 24. Rxe4 Bxh2+ 25. Kf1 Bc7 26. Re3 Qg6 27. g3 Qh5 28. Bd2 Qh1+ 29. Ke2 Qxa1 30. Rf3 f5 31. d5 Rge8 32. d6 Qe5+ 33. Re3 Qxc5 34. dxc7 Qb5+ 35. Qxb5 Rxb5 36. Rd3+ Kxc7 37. a4 Rd5 38. Rb3 e5 39. Bc3 f4 40. gxf4 exf4+ 41. Kf1 f3 42. Rb1 Rh5 43. Kg1 Rg8+ 44. Kf1 Rh1# 0-1


[Site "https://www.chess.com"]

[Event "Titled Tuesday Blitz January 03 Late 2023"]
[White "Della Corte, Alessandro"]
[Black "Berezin, Viktor"]
[WhiteFideId "813540"]
[BlackFideId "14107872"]
[WhiteElo "2160"]
[BlackElo "2307"]
[Result "0-1"]
[Round "10"]
[TimeControl "180+2"]
[Date "2023.01.03"]
[WhiteClock "0:01:13"]
[BlackClock "0:01:19"]

1. d4 Nf6 2. c4 g6 3. Nc3 Bg7 4. e4 O-O 5. Nf3 d6 6. Be2 e5 7. O-O Na6 8. Re1 Qe8 9. Bf1 Bg4 10. d5 c5 11. h3 Bd7 12. a3 Nh5 13. g3 f5 14. exf5 gxf5 15. Ng5 Nc7 16. Bg2 h6 17. Ne6 Nxe6 18. dxe6 Bxe6 19. Bxb7 Rd8 20. Bd5 Nf6 21. Bxe6+ Qxe6 22. Be3 f4 23. Bxf4 Qxh3 24. Be3 Ng4 25. Qd5+ Kh8 26. Qg2 Qh5 27. Ne4 d5 28. cxd5 Rxd5 29. Rac1 Nxe3 30. Rxe3 c4 31. Nf6 Rd1+ 32. Rxd1 Qxd1+ 33. Kh2 Bxf6 34. Qc6 Qh5+ 35. Kg2 Bg7 36. Qxc4 Qf5 37. Re2 Qf3+ 38. Kg1 Rd8 39. Qe4 Rd1+ 40. Re1 Qxe4 41. Rxd1 Qc2 0-1


[Site "https://www.chess.com"]

[Event "Titled Tuesday Blitz January 03 Late 2023"]
[White "Winterberg, Lukas"]
[Black "Urbina Perez, Juan Antonio"]
[WhiteFideId "24622702"]
[BlackFideId "2217368"]
[WhiteElo "2402"]
[BlackElo "2266"]
[Result "1-0"]
[Round "10"]
[TimeControl "180+2"]
[Date "2023.01.03"]
[WhiteClock "0:00:57"]
[BlackClock "0:01:20"]

1. c4 c6 2. e4 d5 3. exd5 cxd5 4. cxd5 Nf6 5. Nc3 Nxd5 6. d4 Nxc3 7. bxc3 e6 8. Nf3 Qc7 9. Bd2 Bd6 10. Ng5 h6 11. Qh5 Nc6 12. Bd3 b6 13. Nxf7 O-O 14. Nxd6 Qxd6 15. Qg6 Rf6 16. Qh7+ Kf8 17. Bg6 Rxg6 18. Qxg6 Ne7 19. Qe4 Qd5 20. Qxd5 exd5 21. O-O Ba6 22. Rfe1 Bc4 23. a4 Nf5 24. Bf4 g5 25. Re5 Ng7 26. Bd2 Kf7 27. h4 g4 28. Bxh6 Ne6 29. Rae1 Re8 30. Bc1 Nc7 31. Rf5+ Kg6 32. Rg5+ Kf6 33. Rxe8 Nxe8 34. Rxg4 1-0


[Site "https://www.chess.com"]

[Event "Titled Tuesday Blitz January 03 Late 2023"]
[White "Carbone, Diego"]
[Black "Estrada Nieto, Julian"]
[WhiteFideId "3002179"]
[BlackFideId "5101018"]
[WhiteElo "2336"]
[BlackElo "2215"]
[Result "1-0"]
[Round "10"]
[TimeControl "180+2"]
[Date "2023.01.03"]
[WhiteClock "0:00:32"]
[BlackClock "0:00:01"]

1. d4 d5 2. Nf3 Nf6 3. c4 dxc4 4. e3 e6 5. Bxc4 a6 6. a4 c5 7. O-O Nc6 8. Qe2 Be7 9. Rd1 Qc7 10. Nc3 O-O 11. d5 exd5 12. Nxd5 Nxd5 13. Bxd5 Nb4 14. Bc4 Bf6 15. e4 Bg4 16. h3 Bxf3 17. Qxf3 Nc2 18. Rb1 Nd4 19. Qg4 Rad8 20. Bf4 Be5 21. Bg5 Rd6 22. f4 Rg6 23. fxe5 Qxe5 24. h4 h6 25. Qf4 Rxg5 26. Qxe5 Rxe5 27. Bd5 b6 28. a5 bxa5 29. Ra1 Kh7 30. Rxa5 f5 31. Rxc5 fxe4 32. Bg8+ Kxg8 33. Rxe5 Nf5 34. Rxe4 Ng3 35. Re7 Nf5 36. Re4 Ng3 37. Ra4 Rf6 38. Rd7 Kh7 39. Rg4 Ne2+ 40. Kh2 1-0


[Site "https://www.chess.com"]

[Event "Titled Tuesday Blitz January 03 Late 2023"]
[White "Ortega Ruiz, Jose Miguel"]
[Black "Reprintsev, Alexander"]
[WhiteFideId "2209713"]
[BlackFideId "14100541"]
[WhiteElo "2351"]
[BlackElo "2253"]
[Result "1-0"]
[Round "10"]
[TimeControl "180+2"]
[Date "2023.01.03"]
[WhiteClock "0:01:20"]
[BlackClock "0:00:42"]

1. g3 d5 2. Bg2 Nc6 3. c4 dxc4 4. Bxc6+ bxc6 5. Qc2 e5 6. Nf3 f6 7. O-O Be6 8. Rd1 Ne7 9. d4 cxd3 10. Rxd3 Qc8 11. Nbd2 g6 12. e4 Bg7 13. Qc5 Kf7 14. Nc4 Rd8 15. Rxd8 Qxd8 16. Be3 a5 17. Rc1 Qb8 18. Ncxe5+ fxe5 19. Ng5+ Kf6 20. Nxh7+ Kf7 21. Ng5+ Kf6 22. Nxe6 Kxe6 23. Bg5 Bf6 24. Qc4+ Kd7 25. Bxf6 Qg8 26. Rd1+ Ke8 27. Qc5 Qe6 28. Bxe7 Rb8 29. Bg5 Rxb2 30. Rd8+ 1-0


[Site "https://www.chess.com"]

[Event "Titled Tuesday Blitz January 03 Late 2023"]
[White "Fisher_TheGalactic"]
[Black "Zakarian, David"]
[BlackFideId "13301276"]
[WhiteElo "2492"]
[BlackElo "2306"]
[Result "1-0"]
[Round "10"]
[TimeControl "180+2"]
[Date "2023.01.03"]
[WhiteClock "0:00:16"]
[BlackClock "0:00:02"]

1. Nf3 Nf6 2. c4 e6 3. d4 b6 4. Nc3 Bb4 5. e3 Bb7 6. Be2 O-O 7. Bd2 Re8 8. O-O Bf8 9. Qc2 d6 10. e4 e5 11. d5 Nbd7 12. b4 g6 13. a4 a5 14. bxa5 Rxa5 15. Nb5 Ra8 16. a5 Nc5 17. axb6 cxb6 18. Rxa8 Bxa8 19. Bg5 h6 20. Bxf6 Qxf6 21. Ra1 Rc8 22. Ra7 Bb7 23. Nd2 Ba6 24. Nc7 Bb7 25. Nb5 Ba6 26. Rc7 Qd8 27. Rxc8 Qxc8 28. Na7 Qa8 29. Nc6 Bb7 30. Nb4 Qa1+ 31. Nf1 Qd4 32. Nd2 h5 33. Nd3 Nxe4 34. Nxe4 Qxe4 35. Nb4 Qd4 36. h3 Qc5 37. Nd3 Qd4 38. Nb4 e4 39. Nc6 Qc5 40. Qxe4 Bg7 41. g4 hxg4 42. hxg4 Ba6 43. Ne7+ Kh7 44. Qh1+ Bh6 45. g5 Qd4 46. Qxh6# 1-0


[Site "https://www.chess.com"]

[Event "Titled Tuesday Blitz January 03 Late 2023"]
[White "Fernandez Garcia, Gumersindo"]
[Black "Andrews, Todd"]
[WhiteFideId "24516740"]
[BlackFideId "2012456"]
[WhiteElo "2160"]
[BlackElo "2220"]
[Result "1-0"]
[Round "10"]
[TimeControl "180+2"]
[Date "2023.01.03"]
[WhiteClock "0:00:31"]
[BlackClock "0:00:11"]

1. e4 e6 2. d4 d5 3. Bd3 dxe4 4. Bxe4 Nf6 5. Bf3 c5 6. Ne2 cxd4 7. Nxd4 Bc5 8. Be3 Nbd7 9. O-O a6 10. Nc3 O-O 11. Qe2 Qe7 12. g3 Ne5 13. Bg2 Neg4 14. Ne4 Nxe3 15. Nxf6+ Qxf6 16. fxe3 Qg6 17. c3 e5 18. Nb3 Ba7 19. Kh1 Bg4 20. Qf2 Rab8 21. h3 Be6 22. Rad1 b5 23. Rd6 Rb6 24. Rfd1 h5 25. Kh2 Rxd6 26. Rxd6 Bb8 27. Rxa6 h4 28. g4 e4+ 29. Kh1 Rd8 30. Nd4 Bc4 31. Qxh4 Qxa6 32. Qxd8+ Kh7 33. Bxe4+ g6 34. Qxb8 Qxa2 35. Qf4 Qa1+ 36. Kh2 Qxb2+ 37. Kg3 Qxc3 38. Nf3 b4 39. Ng5+ Kg7 40. h4 b3 41. h5 b2 42. h6+ Kxh6 43. Ne6+ Kh7 44. Qxf7+ Kh8 45. Qf8+ Kh7 46. Ng5# 1-0


[Site "https://www.chess.com"]

[Event "Titled Tuesday Blitz January 03 Late 2023"]
[White "Dudzinski, Pawel"]
[Black "Khandelwal, Ankush"]
[WhiteFideId "1117890"]
[BlackFideId "413470"]
[WhiteElo "2186"]
[BlackElo "2205"]
[Result "0-1"]
[Round "10"]
[TimeControl "180+2"]
[Date "2023.01.03"]
[WhiteClock "0:00:13"]
[BlackClock "0:01:08"]

1. e4 c5 2. Nc3 a6 3. a4 e6 4. Nge2 d5 5. exd5 exd5 6. d4 Nf6 7. Bg5 Nbd7 8. dxc5 h6 9. Bxf6 Nxf6 10. Qd4 Be6 11. Nf4 Be7 12. O-O-O O-O 13. Ncxd5 Nxd5 14. Nxd5 Bxd5 15. Qxd5 Qa5 16. c6 Qxa4 17. cxb7 Rad8 18. b8=Q Qa1+ 19. Kd2 Rxd5+ 20. Bd3 Qa5+ 21. b4 Bxb4+ 0-1


[Site "https://www.chess.com"]

[Event "Titled Tuesday Blitz January 03 Late 2023"]
[White "Yeritsyan, Hayk"]
[Black "Novikova, Galina"]
[WhiteFideId "13307320"]
[BlackFideId "4157095"]
[WhiteElo "2241"]
[BlackElo "2073"]
[Result "0-1"]
[Round "10"]
[TimeControl "180+2"]
[Date "2023.01.03"]
[WhiteClock "0:00:16"]
[BlackClock "0:00:30"]

1. d4 e6 2. Nf3 f5 3. Bf4 Nf6 4. h3 Be7 5. e3 d6 6. c3 O-O 7. Be2 b6 8. O-O Bb7 9. Nbd2 Qe8 10. Bh2 h6 11. Ne1 Nbd7 12. Bf3 Bxf3 13. Nexf3 Bd8 14. Re1 e5 15. Nc4 e4 16. Nfd2 Kh8 17. b4 Rg8 18. Qc2 g5 19. Na3 Qg6 20. c4 f4 21. Nb5 g4 22. Bxf4 gxh3 23. g3 a6 24. Nc3 Re8 25. f3 Nh5 26. Ndxe4 Nxf4 27. exf4 c6 28. Kh2 Bf6 29. Qd2 Rg8 30. Rg1 Bg7 31. Rae1 Rad8 32. d5 c5 33. bxc5 bxc5 34. Rb1 Bd4 35. Rge1 Nf6 36. g4 Nxg4+ 37. fxg4 Qxg4 38. Qe2 Qxf4+ 39. Kh1 Rg2 40. Qxg2 hxg2+ 41. Kxg2 Rg8+ 42. Kh1 Qf3+ 43. Kh2 Qg2# 0-1


[Site "https://www.chess.com"]

[Event "Titled Tuesday Blitz January 03 Late 2023"]
[White "Ibadov, Dashgyn"]
[Black "aidenzhouu"]
[WhiteFideId "24107514"]
[WhiteElo "2391"]
[BlackElo "2395"]
[Result "1-0"]
[Round "10"]
[TimeControl "180+2"]
[Date "2023.01.03"]
[WhiteClock "0:01:06"]
[BlackClock "0:01:14"]

1. e4 c6 2. d4 d5 3. e5 Bf5 4. Nf3 e6 5. Be2 c5 6. Be3 Qb6 7. O-O Qxb2 8. c4 Nc6 9. cxd5 exd5 10. dxc5 O-O-O 11. Bd4 Nxd4 12. Qxd4 Qxd4 13. Nxd4 Bxb1 14. Raxb1 Bxc5 15. Rfc1 b6 16. Nb3 Ne7 17. Nxc5 bxc5 18. Rxc5+ Kd7 19. Rb7+ Ke6 20. Rcc7 Nf5 21. f4 Nh6 22. g4 1-0


[Site "https://www.chess.com"]

[Event "Titled Tuesday Blitz January 03 Late 2023"]
[White "Jovic, Stanoje"]
[Black "Jarocka, Liwia"]
[WhiteFideId "905020"]
[BlackFideId "21807558"]
[WhiteElo "2075"]
[BlackElo "2225"]
[Result "1-0"]
[Round "10"]
[TimeControl "180+2"]
[Date "2023.01.03"]
[WhiteClock "0:00:31"]
[BlackClock "0:00:18"]

1. c4 e6 2. g3 d5 3. Bg2 Nf6 4. Nf3 Bd6 5. O-O O-O 6. d4 dxc4 7. Na3 Bxa3 8. bxa3 b5 9. a4 a6 10. Bg5 Bb7 11. Rb1 c6 12. Ne5 h6 13. Bxf6 Qxf6 14. Nxc4 Nd7 15. Nd6 Rab8 16. Nxb7 Rxb7 17. axb5 axb5 18. Bxc6 Rc7 19. Bxb5 Nb6 20. e3 Nd5 21. Rc1 Nc3 22. Qb3 Rfc8 23. Rc2 Nxb5 24. Rxc7 Nxc7 25. Qb7 Qd8 26. Rc1 g6 27. a4 Kg7 28. a5 e5 29. dxe5 h5 30. h4 Qd7 31. a6 Qf5 32. Rxc7 Rd8 33. a7 Rd1+ 34. Kg2 Rd2 35. Rxf7+ Qxf7 36. Qxf7+ Kxf7 37. a8=Q 1-0


[Site "https://www.chess.com"]